 Dungeon Crawl Stone Soup version 0.17.2 (webtiles) character file.

475 MistressOfTheDunes the Skirmisher (level 6, -2/51 HPs)
             Began as a Mummy Monk on July 12, 2016.
             Slain by a phantom (7 damage)
             ... on level 4 of the Dungeon.
             The game lasted 00:11:35 (7827 turns).

MistressOfTheDunes the Skirmisher (Mummy Monk)      Turns: 7827, Time: 00:11:35

Health: -2/51      AC:  0    Str: 14    XL:     6   Next: 84%
Magic:  6/6        EV: 14    Int: 10    God:
Gold:   240        SH:  0    Dex: 16    Spells: 0 memorised, 5 levels left

rFire  x . .     SeeInvis .       - Unarmed
rCold  + . .     Clarity  .     (no armour)
rNeg   + + +     SustAt   .     (no shield)
rPois  ∞         Gourm    .     (no helmet)
rElec  .         Spirit   .     (no cloak)
rCorr  .         Warding  .     (no gloves)
rMut   .         Stasis   .     (no boots)
MR     .....                    (no amulet)
Stlth  ++........               (no ring)
                                (no ring)

@: not resistant to hostile enchantments, unstealthy
A: no food or potions, fire vulnerability, cold resistance 1, negative energy
resistance 3, torment resistance, unbreathing
a: no special abilities


You were on level 4 of the Dungeon.
You were not hungry.

You visited 1 branch of the dungeon, and saw 4 of its levels.

You collected 240 gold pieces.


Innate Abilities, Weirdness & Mutations

You do not eat or drink.
Your flesh is vulnerable to fire.
You are immune to poison.
Your flesh is cold resistant.
You are immune to negative energy.
You are immune to unholy pain and torment.
You can survive without breathing.


   Skills:
 - Level 5.1 Fighting
 + Level 3.8 Dodging
 - Level 1.5 Stealth
 - Level 5.0 Unarmed Combat


You had 5 spell levels left.
You didn't know any spells.

Inventory:

Missiles
 f - 21 poisoned needles (quivered)
Scrolls
 a - 2 scrolls of teleportation {unknown}
 b - 2 scrolls of amnesia {unknown}
 c - a scroll of remove curse {unknown}
 d - a scroll of enchant armour {unknown}
 e - a scroll of fear {unknown}
 g - a scroll of noise {unknown}
 h - a scroll of recharging {unknown}
 i - a scroll of identify {unknown}

Dungeon Overview and Level Annotations

Branches:
Dungeon (4/15)
 Temple: D:4-7

Altars:
Elyvilon
Fedhas
Kikubaaqudgha
Nemelex Xobeh
Okawaru

Annotations:
D:3 Grinder

.▒ .▒ .▒ .▒▒▒ ▒▒▒▒▒ ...▒
▒▒▒▒▒▒...▒ .▒.▒ ▒........▒ .▒.▒
▒.▒▒▒▒...▒ ▒▒.▒ ▒.▒ ▒▒W▒▒ ▒▒.▒
▒.▒ ▒M▒ ...▒ ▒.▒ ▒o▒ ▒▒.▒ ▒.▒
▒[▒ ▒▒.▒▒ ▒.▒ ▒.▒ ▒.▒.▒▒ ▒.▒
▒▒.▒▒
.▒▒▒.▒▒▒▒▒.▒▒▒▒...▒▒▒▒▒▒▒▒▒▒▒▒▒
▒▒ ▒▒....W.....▒)..............
.▒▒▒.▒▒▒▒▒.............▒▒▒▒▒▒▒▒
▒.▒.▒▒▒▒▒▒.▒▒.▒▒.▒▒▒▒▒.▒


You could see a phantom and an orc.


Message History

You swing at nothing!
You pummel the orc like a punching bag!
The orc is heavily wounded!
The orc hits you with a dagger! * * * don't die
* * * You squash the orc but do no damage!
The orc is heavily wounded!
The orc hits you with a dagger! * * * don't die
* * * You beat the orc but do no damage!
The orc is heavily wounded!
The orc hits you with a dagger! * * * don't die
* * * You barely miss the orc!
The orc is heavily wounded!
The orc hits you with a dagger! * * * don't die
* * * The orc hits you with a dagger! * * * don't die
* * *
Things that are here:
a leather armour x2 a mace
There is a stone staircase leading down here!
The orc hits you but does no damage!
You climb downwards!
The phantom closely misses you!
There is a stone staircase leading up here!
You barely miss the orc!
The orc is heavily wounded!
The phantom hits you!!! rip

Action                   |  1- 3 |  4- 6 || total
-------------------------+-------+-------++-------
Melee: Unarmed           |   200 |   312 ||   512
 Stab: Sleeping          |     7 |     5 ||    12

Vault maps used:
D:1:      minmay_arrival_doors, serial_bayou_pond_d
D:2:      kiku_gazebo_pond_becter, minivault_14, nemelex_spade_bored_becter
D:3:      elyvilon_altar_4, uniq_grinder
D:4:      kennysheep_goblin_castle, fedhas_altar_fruit_tree,
          nicolae_overflow_hidden_temple, minmay_misc_feat_more_columns,
          grunt_ministairs_2, uniq_sigmund

Notes
Turn   | Place    | Note
--------------------------------------------------------------
     0 | D:1      | MistressOfTheDunes the Mummy Monk began the quest for the Orb.
     0 | D:1      | Reached XP level 1. HP: 18/18 MP: 1/1
   437 | D:1      | Reached XP level 2. HP: 6/24 MP: 2/2
  1009 | D:2      | Found a sparkling altar of Nemelex Xobeh.
  1049 | D:2      | Reached skill level 4 in Unarmed Combat
  1585 | D:2      | Reached XP level 3. HP: 16/29 MP: 3/3
  1746 | D:2      | Found an ancient bone altar of Kikubaaqudgha.
  2810 | D:3      | Reached XP level 4. HP: 32/35 MP: 4/4
  2969 | D:3      | Found a white marble altar of Elyvilon.
  2980 | D:3      | Noticed Grinder
  3332 | D:2      | Reached skill level 5 in Unarmed Combat
  3968 | D:3      | Reached XP level 5. HP: 11/42 MP: 5/5
  4201 | D:3      | Paralysed by Grinder for 2 turns
  4853 | D:3      | Reached skill level 4 in Fighting
  5106 | D:4      | Found a blossoming altar of Fedhas.
  5499 | D:4      | Found an iron altar of Okawaru.
  5829 | D:4      | Reached skill level 5 in Fighting
  5829 | D:4      | Reached XP level 6. HP: 18/51 MP: 6/6
  6396 | D:3      | Reached skill level 3 in Dodging
  7702 | D:4      | Noticed a phantom
  7821 | D:3      | HP: 5/51 [orc/dagger (5)]
  7827 | D:4      | Slain by a phantom

Vanquished Creatures
  A hound (D:4)
  5 orc priests
  3 orc wizards
  A worker ant (D:4)
  8 adders
  2 oozes
  4 worms
  7 giant geckos
  19 orcs
  2 ball pythons
  7 bats
  4 giant cockroaches
  4 goblins
  5 hobgoblins
  3 quokkas
  3 giant newts
  7 kobolds
  12 rats
97 creatures vanquished.

Vanquished Creatures (others)
  A bat (D:3)
  A quokka (D:3)
2 creatures vanquished.

Grand Total: 99 creatures vanquished
